 Dungeon Crawl Stone Soup version 0.28-a0-43-g560ac104fe (webtiles) character file.

Game seed: 17614146661653436877

7 Spectrina the Sneak (level 1, 0/13 HPs)
             Began as a Deep Elf Delver on July 29, 2021.
             Was an Initiate of Trog.
             Frozen to death by an endoplasm (5 damage)
             ... on level 1 of the Dungeon.
             The game lasted 00:05:26 (256 turns).

Spectrina the Sneak (Deep Elf Delver)                Turns: 256, Time: 00:05:27

Health: 0/13       AC:  3    Str:  9    XL:     1   Next: 83%
Magic:  3/3        EV: 12    Int: 14    God:    Trog [......]
Gold:   0          SH:  0    Dex: 16    Spells: 0/0 levels left

rFire   . . .      SeeInvis .   a - +0 short sword
rCold   . . .      Faith    .   (no shield)
rNeg    . . .      Spirit   .   h - +0 leather armour
rPois   .          Reflect  .   (no helmet)
rElec   .          Harm     .   n - scarf {shadows}
rCorr   .          Rampage  .   (no gloves)
Will    .....                   (no boots)
Stlth   +++.......              (no amulet)
HPRegen 0.04/turn               (no ring)
MPRegen 0.08/turn               (no ring)

@: attractive
A: no striking features
a: Renounce Religion


You were on level 1 of the Dungeon.
You worshipped Trog.
Trog was noncommittal.
You visited 1 branch of the dungeon, and saw 5 of its levels.

Inventory:

Hand Weapons
 a - a +0 short sword (weapon)
 b - a +0 hand crossbow
Missiles
 m - 17 bolts
Armour
 h - a +0 leather armour (worn)
 n - a scarf of shadows (worn)
Wands
 g - a wand of digging (3)
Scrolls
 c - a scroll of fog
 d - a scroll of magic mapping
 e - a scroll of fear
 k - 2 scrolls of teleportation {unknown}
Potions
 f - a potion of haste
 i - a potion of curing {unknown}


   Skills:
 + Level 2.8 Fighting
 - Level 2.0 Short Blades
 - Level 2.4 Dodging
 - Level 6.0 Stealth


You couldn't memorise any spells.
You didn't know any spells.
Your spell library was empty.

Dungeon Overview and Level Annotations

Branches:
Dungeon (5/15)
 Temple: D:4-7

Altars:
Trog

Shops:
D:5 *


Message History

You kill the endoplasm!
Trog accepts your kill.
m - 12 bolts (gained 1)
You see here a scarf of shadows.
You start putting on your armour.
You continue putting on your scarf of shadows. x4
You finish putting on your scarf of shadows.
It gets dark.
A hobgoblin comes into view.
You see here 3 bolts.
m - 15 bolts (gained 3)
m - 17 bolts (gained 2)
Things that are here:
a +0 club; a goblin corpse
There is a stone staircase leading up here.
You climb upwards.
A bat comes into view.
There is a stone staircase leading down here.
Unknown command.
a - a +0 short sword (weapon)
The helpless bat fails to defend itself.
You puncture the bat!
You kill the bat!
Trog accepts your kill.
You see here a bat corpse.
Found 12 gold pieces.
An endoplasm comes into view.
The endoplasm freezes you.
You are frozen.
You hit the endoplasm but do no damage. The endoplasm hits you.
Okay, then.
Okay, then.
The endoplasm jiggles.
It was a potion of attraction.
You feel attractive to monsters. The endoplasm closely misses you.
It was a potion of magic.
Magic courses through your body. The endoplasm freezes you.
You are frozen.
You die...

#.#.# #.#..
##.#######
#.........
##..#######
##...# ##....#
####J.#..#
####..@.##..#
###.....####..#
...#...# #..#
.......# #..#
###..># #..#
#..#####..#
#.........#
#.#######.# #.#
#.#


You could see an endoplasm.

Vanquished Creatures
  A ball python (D:2)
  2 endoplasms (D:2)
  2 goblins (D:2)
  A bat (D:1)
6 creatures vanquished.

Notes
Turn   | Place    | Note
-------+----------+-------------------------------------------
     0 | D:5      | Spectrina the Deep Elf Delver began the quest for the Orb.
     0 | D:5      | Reached XP level 1. HP: 13/13 MP: 3/3
     6 | D:5      | Found a bloodstained altar of Trog.
     9 | D:5      | Became a worshipper of Trog the Wrathful
    34 | D:5      | Found Vaotyob's Neck Hole.
    78 | D:4      | Noticed a jelly
   256 | D:1      | Frozen to death by an endoplasm

Illustrated notes

Levels and vault maps discovered:
D:1:      dpeg_arrival_circle_labyrinth_c, layout_basic, serial_shops,
          nicolae_shop_statue_plus, minmay_quantized
D:2:      layout_basic, hellmonk_ecumenical_altar_zigzags, minmay_puff,
          uniq_terence
D:3:      layout_basic, mainiacjoe_overflow_small_starburst, xom_redecorated,
          uniq_natasha
D:4:      layout_basic, mainiacjoe_overflow_surrounded_room
D:5:      layout_loops_cross, kennysheep_mini_moat,
          nicolae_shop_sticking_my_neck_out

Action                   || total
-------------------------++-------
Melee: Short sword       ||    12
 Fire: Hand crossbow     ||     7
  Use: Potion            ||     2
 Stab: Sleeping          ||     1
Armor: Leather armour    ||     1
Dodge: Dodged            ||     4

Table legend: (Time is in decaauts)
 A = Elapsed time spent in this place.
 B = Non-inter-level travel time spent in this place.
 C = Inter-level travel time spent in this place.
 D = Time resting spent in this place.
 E = Time spent auto-exploring this place.
 F = Levels seen in this place.
 G = Mean time per level.
                   A        B        C        D        E       F      G
               +--------+--------+--------+--------+--------+-----+--------+
         Total |    257 |    257 |      0 |      0 |      0 |   5 |   51.4 |
       Dungeon |    257 |    257 |      0 |      0 |      0 |   5 |   51.4 |
               +--------+--------+--------+--------+--------+-----+--------+

Top non-repeatable levels by time:
     D:2: 78 daAuts
     D:5: 71 daAuts
     D:1: 58 daAuts
     D:4: 25 daAuts
     D:3: 23 daAuts
